 Dungeon Crawl Stone Soup version 0.25-a0-426-g7d9e569eea (webtiles) character file.

Game seed: 3994003088398179923, levelgen mode: deterministic

63 BeastOfSaturn the Ruffian (level 3, -2/28 HPs)
             Began as a Draconian Transmuter on Jan 25, 2020.
             Slain by Sigmund
             ... wielding a +2 scythe of protection
              (10 damage)
             ... on level 2 of the Dungeon.
             The game lasted 00:05:47 (2657 turns).

BeastOfSaturn the Ruffian (Draconian Transmuter)    Turns: 2657, Time: 00:05:48

Health: -2/28      AC:  5    Str: 13    XL:     3   Next: 87%
Magic:  5/6        EV: 12    Int: 13    God:
Gold:   67         SH:  0    Dex: 11    Spells: 5/6 levels left

rFire    . . .     SeeInvis .     - Unarmed
rCold    . . .     Gourm    .   (no shield)
rNeg     . . .     Faith    .   (armour unavailable)
rPois    +         Spirit   .   (helmet restricted)
rElec    .         Reflect  .   (no cloak)
rCorr    .         Harm     .   (no gloves)
MR       .....                  (no boots)
Stlth    +.........             (no amulet)
HPRegen  0.09/turn              j - ring of poison resistance
MPRegen  0.10/turn              (no ring)

@: appendage (expiring)
A: unfitting armour, horns 2, cold-blooded, AC +5
a: End Transformation


You were on level 2 of the Dungeon.
You were not hungry.
You had grown temporary horns.
You visited 1 branch of the dungeon, and saw 2 of its levels.

You collected 67 gold pieces.

Inventory:

Missiles
 a - 36 arrows
Jewellery
 j - a ring of poison resistance (left hand)
Scrolls
 b - 2 scrolls of remove curse {unknown}
 g - 2 scrolls of teleportation {unknown}
 i - a scroll of noise {unknown}
 k - a scroll of fear {unknown}
 l - a scroll of immolation {unknown}
Potions
 d - a potion of heal wounds {unknown}
 e - a potion of flight {unknown}
 f - a potion of magic {unknown}
 h - a potion of curing {unknown}
 m - a potion of degeneration {unknown}
Comestibles
 c - a ration


   Skills:
 * Level 1.5 Fighting
 * Level 2.2 Dodging
 * Level 4.0 Unarmed Combat
 + Level 2.3 Spellcasting
 + Level 2.2 Transmutations


You had 5 spell levels left.
You knew the following spells:

 Your Spells              Type           Power        Failure   Level  Hunger
a - Beastly Appendage     Tmut           #.....       10%         1    #......

Your spell library contained the following spells:

 Spells                   Type           Power        Failure   Level  Hunger
 Sticks to Snakes         Tmut           #.......     14%         2    ###....
 Spider Form              Tmut/Pois      #.........   43%         3    ###....
 Ice Form                 Ice/Tmut       #.......     83%         4    #####..
 Blade Hands              Tmut           #.........   95%         5    ######.


Dungeon Overview and Level Annotations

Branches:
Dungeon (2/15)

Altars:

Annotations:
D:2 Natasha, Sigmund


Innate Abilities, Weirdness & Mutations

Your plain brown scales are hard. (AC +5)
You cannot fit into any form of body armour.
You are cold-blooded and may be slowed by cold attacks.
You have a pair of horns on your head.


Message History

You start resting.
HP restored.
Casting: Beastly Appendage (safe; 10% risk of failure)
Confirm with . or Enter, or press ? or * to list all spells.
You grow a pair of large bovine horns.
You climb downwards.
Level annotation: Natasha, Sigmund
There is a stone staircase leading up here.
Sigmund casts a spell.
Sigmund flickers and vanishes!
Deactivating autopickup; reactivate with Ctrl-A.
You barely miss something. Something hits you!
Ouch! That really hurt!
You completely miss something.
Your transformation is almost over.
Something hits you.
* * * LOW HITPOINT WARNING * * *
There is a stone staircase leading up here.
Something hits you!
You die...

#...#(.......##
##...######..
###...........#######..#
#..
###................#.##
#..
#.........#.####.#..####..
####...............5h5.###
#.......#..##.#..##...#
#.......##..#.##.####K#
#.........#.#.##..###..
#.....@.#......##......
##.##...###.# )..######
#.###..{.#.##.# #
#.###.##......#
##.#..)..###.#.# #
#..#.....# #.#... ..
#.##.....# #...#... ##
##.######## ##..###.# #..#
... .. #


There were no monsters in sight!

Vanquished Creatures
  2 adders
  An ooze (D:2)
  4 dart slugs (D:1)
  A leopard gecko (D:2)
  A goblin (D:1)
  7 hobgoblins
  8 bats
  4 kobolds
  6 rats
34 creatures vanquished.

Notes
Turn   | Place    | Note
-------+----------+-------------------------------------------
     0 | D:1      | BeastOfSaturn the Draconian Transmuter began the quest for
                  | the Orb.
     0 | D:1      | Reached XP level 1. HP: 16/16 MP: 3/3
   203 | D:1      | Reached XP level 2. HP: 23/23 MP: 3/5
   790 | D:1      | Reached XP level 3. HP: 25/28 MP: 4/6
  1307 | D:2      | Noticed Natasha
  1553 | D:2      | Noticed Sigmund
  1924 | D:1      | Reached skill level 4 in Unarmed Combat
  2657 | D:2      | Slain by Sigmund

Levels and vault maps discovered:
D:1:      dpeg_arrival_rooms_c, layout_loops_corners, roderic_filled_cross
D:2:      layout_rooms, uniq_natasha, uniq_sigmund

Skill      XL: |  1  2  3 |
---------------+----------+-----
Dodging        | 2 |  2.2
Unarmed Combat | 4 |  4.0
Fighting       | |  1.5
Spellcasting   | |  2.3
Transmutations | |  2.2

Action                   || total
-------------------------++-------
Melee: Unarmed           ||   129
       Kick              ||    10
       Headbutt          ||     8
       Punch             ||     4
       Tailslap          ||     8
 Cast: Beastly Appendage ||    20
  Eat: Ration            ||     2
       Chunk             ||     2
Armor: Skin              ||    52
Dodge: Dodged            ||    95

Table legend:
 A = Non-vault XP
 B = Vault XP
 C = Vault XP percentage of total XP
 D = Non-vault monster count
 E = Vault monster count
 F = Vault count percentage of total count
                 A         B        C        D         E       F
            +---------+---------+-------+---------+---------+-------
      Total |      90 |       0 |   0.0 |      34 |       0 |   0.0
            +---------+---------+-------+---------+---------+-------
        D:1 |      60 |       0 |   0.0 |      25 |       0 |   0.0
        D:2 |      30 |       0 |   0.0 |       9 |       0 |   0.0
            +---------+---------+-------+---------+---------+-------
